 Dungeon Sprint DCSS version 0.28-a0-883-gc8d7bad45d (webtiles) character file.

Game seed: 14775585384146315092

33574 mhtbhm the Shatterer (level 13, -7/143 HPs)
             Began as a Minotaur Fighter on Nov 22, 2021.
             Was an Initiate of Gozag.
             Mangled by a merfolk impaler (18 damage)
             ... in the Dungeon (Sprint IX: "|||||||||||||||||||||||||||||").
             The game lasted 00:10:37 (6085 turns).

mhtbhm the Shatterer (Minotaur Fighter)             Turns: 6085, Time: 00:10:37

Health: -7/143     AC: 15    Str: 27    XL:     13   Next: 37%
Magic:  12/12      EV: 15    Int:  5    God:    Gozag
Gold:   4772       SH:  8    Dex:  9    Spells: 12/12 levels left

rFire   + + .      SeeInvis +   t - +8 eveningstar (holy)
rCold   + . .      Faith    .   c - +0 buckler
rNeg    . . .      Spirit   .   b - +1 scale mail {rF+}
rPois   +          Reflect  .   z - -1 hat of Lilacs {rElec}
rElec   +          Harm     .   s - +0 cloak
rCorr   +          Rampage  .   (no gloves)
Will    .....      NoTele   +   m - +0 pair of boots
Stlth   +.........              (no amulet)
HPRegen 0.33/turn               w - ring of see invisible
MPRegen 0.13/turn               o - +2 ring of evasion

@: mighty, resistant, on berserk cooldown, hasted and slowed, invisible
A: horns 2, retaliatory headbutt
a: Renounce Religion, Potion Petition, Call Merchant, Bribe Branch


You were in the Dungeon.
You worshipped Gozag.
Gozag was most pleased with you.
You visited 1 branch You collected 11977 gold pieces.
You spent 2140 gold pieces at shops.
You paid 5065 gold pieces to Gozag.

Inventory:

Hand Weapons
 a - a +2 vorpal morningstar
 t - a +8 eveningstar of holy wrath (weapon)
 y - a +1 demon whip of venom
Armour
 b - a +1 scale mail of fire resistance (worn)
 c - a +0 buckler (worn)
 m - a +0 pair of boots (worn)
 s - a +0 cloak (worn)
 z - the -1 hat of Lilacs (worn) {rElec}
   (You bought it in a shop in the Dungeon)

   rElec:     It insulates you from electricity.
Jewellery
 o - a +2 ring of evasion (right hand)
 v - a ring of protection from fire
 w - a ring of see invisible (left hand)
Wands
 l - a wand of acid (1)
Scrolls
 k - 2 scrolls of amnesia
 p - 2 scrolls of enchant armour
 q - 4 scrolls of identify
 u - a scroll of summoning
 x - a scroll of fear
Potions
 d - a potion of resistance
 e - 5 potions of curing
 f - a potion of mutation
 g - a potion of haste
 h - 5 potions of magic
 i - a potion of attraction
 n - a potion of might


   Skills:
 + Level 21.2 Fighting
 + Level 23.6 Maces & Flails
 + Level 21.0 Armour
 + Level 7.6 Dodging
 + Level 5.1 Stealth
 + Level 16.8 Shields
 + Level 5.1 Evocations


You had 12 spell levels left.
You didn't know any spells.
Your spell library was empty.

Dungeon Overview and Level Annotations

Branches:
Dungeon (1/1)

Altars:
Cheibriados
Dithmenos
Elyvilon
Fedhas
Gozag
Hepliaklqana
Kikubaaqudgha
Makhleb
Nemelex Xobeh
Okawaru
Qazlal
Ru
Sif Muna
Trog
Uskayaw
Vehumet
Wu Jian
Xom
Yredelemnul
Zin
The Shining One
Beogh
Jiyva
Lugonu

Shops:
D *((*[(!


Innate Abilities, Weirdness & Mutations

You have a pair of horns on your head.
You reflexively headbutt those who attack you in melee.


Message History

The merfolk impaler freezes you.
* * * LOW HITPOINT WARNING * * *
Unknown command.
Okay, then.
Blink to where?
Press: ? - help, Dir - move target
As you read the scroll of blinking, it crumbles to dust.
Unknown command.
You close the door.
You fade into invisibility!
A merfolk impaler breaks down the door.
Unknown command.
The merfolk impaler barely misses you.
You spit the merfolk impaler like a pig!!!
You headbutt the merfolk impaler, but do no damage.
The merfolk impaler is heavily wounded.
The merfolk impaler hits you with a +1 vorpal trident!
* * * LOW HITPOINT WARNING * * *
x2 You block the merfolk impaler's attack.
Unknown command.
Okay, then.
Unknown command. [a] - 288 gold - brilliance and magic [b] - 500 gold - haste and resistance [c] - 768 gold - resistance, might, haste and invisibility Purchase which effect?
You feel protected.
You feel very mighty all of a sudden.
You feel yourself speed up.
You fade further into invisibility.
The merfolk impaler hits you with a +1 vorpal trident!
* * * LOW HITPOINT WARNING * * *
x2 The merfolk impaler closely misses you.
You furiously retaliate!
You headbutt the merfolk impaler!
Unknown command.
Unknown command.
Unknown command.
You feel better.
The merfolk impaler hits you with a +1 vorpal trident!!
You die...
Your body crumbles into a pile of gold.

_▓.▓.▓)▓.▓.▓.▓.▓$▓
_▓.▓)▓.▓.▓.▓.▓.▓$▓
_▓.▓.▓.▓.▓.▓.▓.▓'▓
_▓.▓.▓.▓.▓.▓.▓.▓.▓
_▓.▓.▓.▓)▓.▓.▓.▓H▓
_▓.▓.▓.▓)▓.▓.▓.▓m▓
_▓.▓'▓.▓)▓.▓[▓.▓E▓
_▓.▓.▓.▓.▓.▓[▓.▓m▓
_▓.▓.▓.▓)▓.▓[▓.▓@▓
_▓.▓.▓.▓)▓.▓=▓.▓.▓
_▓.▓.▓.▓)▓.▓[▓.▓.▓
_▓.▓.▓.▓.▓.▓[▓.▓.▓
_▓.▓.▓.▓.▓.▓[▓.▓'▓
_▓.▓.▓.▓.▓.▓[▓.♣.♣
_▓.▓.▓.▓.▓.▓.▓.♣∩♣
_▓.▓.▓.▓)▓.▓)▓.♣∩♣
_▓.▓'▓.▓)▓.▓)▓.♣∩♣


You could see 2 merfolk impalers, a manticore and a water elemental.

Vanquished Creatures
  Rupert (D)
  A tengu reaver (D)
  2 fire giants (D)
  A stone giant (D)
  A bunyip (D)
  An entropy weaver (D)
  An eleionoma (D)
  Snorg (D)
  2 merfolk javelineers (D)
  A shambling mangrove (D)
  A fire dragon (D)
  2 hydras (D)
  An ice dragon (D)
  A two-headed ogre (D)
  3 centaur warriors (D)
  An ogre mage (D)
  2 ghost crabs (D)
  3 swamp dragons (D)
  A harpy (D)
  2 deep elf pyromancers (D)
  2 wolf spiders (D)
  3 orc knights (D)
  2 lindwurms (D)
  6 orc sorcerers (D)
  A cyclops (D)
  A manticore (D)
  2 moths of wrath (D)
  2 black mambas (D)
  6 cane toads (D)
  A merfolk (D)
  A polar bear (D)
  A meliai (D)
  2 jumping spiders (D)
  2 trolls (D)
  3 tyrant leeches (D)
  2 tarantellas (D)
  4 yaks (D)
  Eustachio (D)
  A vampire mosquito (D)
  Grum (D)
  An acid dragon (D)
  3 water moccasins (D)
  A floating eye (D)
  10 orc warriors (D)
  3 wolves (D)
  A bullfrog (D)
  A scorpion (D)
  A howler monkey (D)
  A hound (D)
  4 orc priests (D)
  12 orc wizards (D)
  3 worms (D)
  8 orcs (D)
  A hobgoblin (D)
  2 ball pythons (D)
  A ball python zombie (D)
  A kobold (D)
  A rat (D)
128 creatures vanquished.

Vanquished Creatures (others)
  An alligator (D)
  A troll (D)
  A vampire (D)
3 creatures vanquished.

Grand Total: 131 creatures vanquished

Notes
Turn   | Place    | Note
-------+----------+-------------------------------------------
     0 | D        | mhtbhm the Minotaur Fighter began the quest for the Orb.
     0 | D        | Reached XP level 1. HP: 19/19 MP: 0/0
    18 | D        | Reached skill level 3 in Maces & Flails
    51 | D        | Noticed a scorpion
    51 | D        | Noticed a howler monkey
    51 | D        | Noticed a hound
    57 | D        | Killed a hound
    58 | D        | Reached skill level 5 in Fighting
    58 | D        | Reached skill level 4 in Maces & Flails
    58 | D        | Reached skill level 5 in Armour
    58 | D        | Reached skill level 5 in Shields
    58 | D        | Reached XP level 2. HP: 11/29 MP: 1/1
    58 | D        | Reached XP level 3. HP: 14/36 MP: 2/2
    65 | D        | Reached skill level 5 in Maces & Flails
    65 | D        | Reached skill level 1 in Dodging
    65 | D        | Reached XP level 4. HP: 22/44 MP: 3/3
    67 | D        | Killed a scorpion
   108 | D        | Found a snail-covered altar of Cheibriados.
   108 | D        | Found a shadowy altar of Dithmenos.
   108 | D        | Found a white marble altar of Elyvilon.
   108 | D        | Found a blossoming altar of Fedhas.
   108 | D        | Found an opulent altar of Gozag.
   109 | D        | Found a hazy altar of Hepliaklqana.
   110 | D        | Found a viscous altar of Jiyva.
   111 | D        | Found an ancient bone altar of Kikubaaqudgha.
   112 | D        | Found a corrupted altar of Lugonu.
   113 | D        | Found a burning altar of Makhleb.
   114 | D        | Found a sparkling altar of Nemelex Xobeh.
   115 | D        | Found an iron altar of Okawaru.
   116 | D        | Found a stormy altar of Qazlal.
   117 | D        | Found a sacrificial altar of Ru.
   118 | D        | Found a shimmering blue altar of Sif Muna.
   119 | D        | Found a bloodstained altar of Trog.
   120 | D        | Found a hide-covered altar of Uskayaw.
   121 | D        | Found a radiant altar of Vehumet.
   128 | D        | Became a worshipper of Gozag Ym Sagoz the Greedy
   135 | D        | Found an ornate altar of the Wu Jian Council.
   136 | D        | Found a shimmering altar of Xom.
   137 | D        | Found a basalt altar of Yredelemnul.
   138 | D        | Found a glowing silver altar of Zin.
   139 | D        | Found a glowing golden altar of the Shining One.
   346 | D        | Noticed a troll
   346 | D        | Noticed an acid dragon
   346 | D        | Noticed a yak
   348 | D        | Reached skill level 6 in Maces & Flails
   348 | D        | Reached XP level 5. HP: 52/52 MP: 4/4
   361 | D        | Killed a yak
   362 | D        | Reached skill level 8 in Maces & Flails
   362 | D        | Reached XP level 6. HP: 41/62 MP: 5/5
   367 | D        | Killed an acid dragon
   368 | D        | Reached skill level 9 in Maces & Flails
   370 | D        | Killed a troll
   371 | D        | Reached skill level 10 in Maces & Flails
   371 | D        | Reached skill level 10 in Armour
   371 | D        | Reached XP level 7. HP: 47/71 MP: 6/6
   588 | D        | Noticed a two-headed ogre
   588 | D        | Noticed a centaur warrior
   588 | D        | Noticed a vampire
   588 | D        | Noticed a troll
   588 | D        | Noticed a troll
   593 | D        | Killed a troll
   594 | D        | Reached skill level 10 in Fighting
   594 | D        | Reached skill level 10 in Shields
   594 | D        | Reached skill level 1 in Evocations
   595 | D        | Killed a vampire
   595 | D        | Killed a troll
   596 | D        | Reached skill level 11 in Maces & Flails
   596 | D        | Reached XP level 8. HP: 48/80 MP: 7/7
   599 | D        | Killed a centaur warrior
   600 | D        | Reached skill level 12 in Maces & Flails
   608 | D        | Killed a two-headed ogre
   609 | D        | Reached skill level 13 in Maces & Flails
   609 | D        | Reached skill level 1 in Stealth
   609 | D        | Reached XP level 9. HP: 52/89 MP: 8/8
   783 | D        | Noticed a cane toad
   783 | D        | Noticed a polar bear
   783 | D        | Noticed a cane toad
   783 | D        | Noticed a six-headed hydra
   786 | D        | Killed a six-headed hydra
   786 | D        | Noticed a cane toad
   787 | D        | Reached skill level 14 in Maces & Flails
   793 | D        | Noticed a black mamba
   794 | D        | Noticed a cane toad
   801 | D        | Reached skill level 15 in Maces & Flails
   805 | D        | Killed a cane toad
   812 | D        | Killed a polar bear
   817 | D        | Killed a cane toad
   818 | D        | Reached XP level 10. HP: 55/99 MP: 9/9
   821 | D        | Killed a cane toad
   822 | D        | Reached skill level 16 in Maces & Flails
   830 | D        | Killed a black mamba
   833 | D        | HP: 5/100 [cane toad (6)]
   834 | D        | HP: 1/100 [cane toad (9)]
   837 | D        | Killed a cane toad
  1129 | D        | Noticed a cane toad
  1132 | D        | Noticed a cane toad
  1138 | D        | Noticed a black mamba
  1150 | D        | Reached skill level 15 in Armour
  1154 | D        | Killed a cane toad
  1155 | D        | Reached skill level 17 in Maces & Flails
  1155 | D        | Noticed a four-headed hydra
  1169 | D        | Killed a cane toad
  1173 | D        | Killed a black mamba
  1178 | D        | Killed a four-headed hydra
  1179 | D        | Reached skill level 5 in Dodging
  1246 | D        | Noticed a lindwurm
  1253 | D        | Reached skill level 18 in Maces & Flails
  1271 | D        | Killed a lindwurm
  1271 | D        | Noticed a lindwurm
  1638 | D        | Reached XP level 11. HP: 93/110 MP: 10/10
  1721 | D        | Killed a lindwurm
  1997 | D        | Noticed Grum
  2008 | D        | Killed Grum
  2114 | D        | Noticed an orc knight
  2117 | D        | Noticed an orc knight
  2131 | D        | Killed an orc knight
  2145 | D        | Killed an orc knight
  2146 | D        | Reached skill level 15 in Fighting
  2146 | D        | Reached skill level 19 in Maces & Flails
  2352 | D        | Noticed an orc sorcerer
  2364 | D        | Noticed an orc sorcerer
  2368 | D        | Noticed a sun demon
  2377 | D        | Killed an orc sorcerer
  2378 | D        | Noticed an orc knight
  2382 | D        | Killed an orc sorcerer
  2663 | D        | Killed an orc knight
  2955 | D        | Found Vuall's Assorted Antiques.
  2955 | D        | Noticed an orc sorcerer
  2955 | D        | Noticed an orc sorcerer
  2955 | D        | Noticed an orc sorcerer
  2957 | D        | Killed an orc sorcerer
  2961 | D        | Found Uguj Gycw's Weapon Shop.
  2965 | D        | Killed an orc sorcerer
  2966 | D        | Reached skill level 15 in Shields
  2967 | D        | Killed an orc sorcerer
  2969 | D        | Noticed an orc sorcerer
  2974 | D        | Found Alel's Antique Weapon Boutique.
  2978 | D        | Found Devon's Assorted Antiques.
  2979 | D        | Killed an orc sorcerer
  2980 | D        | Reached skill level 20 in Maces & Flails
  3043 | D        | Bought a scroll of blinking for 232 gold pieces
  3043 | D        | Bought a scroll of enchant weapon for 232 gold pieces
  3049 | D        | Bought a scroll of identify for 48 gold pieces
  3049 | D        | Bought a scroll of identify for 48 gold pieces
  3049 | D        | Bought a potion of attraction for 72 gold pieces
  3055 | D        | Bought a scroll labelled XIESKE JYGUMU for 31 gold pieces
  3055 | D        | Bought a scroll labelled OSSUISH VEWITOGG for 31 gold
                  | pieces
  3057 | D        | Acquired a +1 eveningstar of holy wrath
  3141 | D        | Noticed Eustachio
  3151 | D        | Killed Eustachio
  3321 | D        | Noticed a deep elf pyromancer
  3321 | D        | Noticed an ogre mage
  3321 | D        | Noticed a centaur warrior
  3324 | D        | Killed a centaur warrior
  3331 | D        | Noticed a centaur warrior
  3334 | D        | Noticed a deep elf pyromancer
  3335 | D        | Noticed a stone giant
  3339 | D        | Killed an ogre mage
  3345 | D        | Noticed an ice dragon
  3352 | D        | Killed a deep elf pyromancer
  3353 | D        | Reached XP level 12. HP: 71/124 MP: 11/11
  3353 | D        | Noticed a fire giant
  3364 | D        | Noticed a fire dragon
  3366 | D        | Killed a centaur warrior
  3370 | D        | Killed a stone giant
  3374 | D        | Noticed a fire giant
  3377 | D        | Killed an ice dragon
  3382 | D        | Killed a fire giant
  3383 | D        | Reached skill level 21 in Maces & Flails
  3389 | D        | Noticed a tengu reaver
  3394 | D        | Killed a fire dragon
  3399 | D        | Killed a fire giant
  3411 | D        | Killed a tengu reaver
  3444 | D        | Paralysed by a floating eye for 2 turns
  3670 | D        | Noticed Rupert
  3717 | D        | Killed Rupert
  3718 | D        | Reached skill level 5 in Evocations
  4090 | D        | Noticed Snorg
  4099 | D        | Killed Snorg
  4100 | D        | Reached skill level 22 in Maces & Flails
  4155 | D        | Noticed a shambling mangrove
  4155 | D        | Noticed an eleionoma
  4155 | D        | Noticed a ghost crab
  4160 | D        | Noticed a bunyip
  4169 | D        | Killed an eleionoma
  4170 | D        | Reached skill level 5 in Stealth
  4171 | D        | Noticed a ghost crab
  4174 | D        | Noticed an alligator
  4177 | D        | Killed a ghost crab
  4565 | D        | Killed a shambling mangrove
  4841 | D        | Reached XP level 13. HP: 98/139 MP: 12/12
  5350 | D        | Killed a bunyip
  5587 | D        | Bought a potion of resistance for 140 gold pieces
  5587 | D        | Bought a potion of invisibility for 112 gold pieces
  5587 | D        | Bought a potion of curing for 42 gold pieces
  5587 | D        | Bought a potion of curing for 42 gold pieces
  5591 | D        | Bought a crude hat for 270 gold pieces
  5591 | D        | Identified the -1 hat of Lilacs {rElec} (You bought it in a
                  | shop in the Dungeon)
  5591 | D        | Bought a steaming plate armour for 840 gold pieces
  5591 | D        | Identified the +0 plate armour "Taum Tocw" {Stlth+} (You
                  | bought it in a shop in the Dungeon)
  5598 | D        | Noticed an entropy weaver
  5605 | D        | Killed an entropy weaver
  5606 | D        | Reached skill level 23 in Maces & Flails
  6047 | D        | Noticed a merfolk impaler
  6047 | D        | Noticed a merfolk javelineer
  6047 | D        | Noticed a merfolk javelineer
  6048 | D        | Noticed a merfolk impaler
  6054 | D        | Killed a merfolk javelineer
  6071 | D        | Killed a merfolk javelineer
  6084 | D        | HP: 6/143 [merfolk impaler (4)]
  6085 | D        | Mangled by a merfolk impaler

Illustrated notes

Levels and vault maps discovered:
D:        linesprint [early_d, line_temple, items_1, d_10, items_2, lair_1,
          lair_end, items_3, orc_1, orc_end, items_4, d_15, swamp_1, shoals_1,
          snake_1, spider_1, d_20, vaults_1, items_5, swamp_end, shoals_end,
          snake_end, spider_end, vaults_end, d_27, items_6, zot_1, zot_end,
          crypt_end, forest_end, elf_end, slime_end, tomb_end, abyss_end,
          pan_hell_end]

Skill      XL: |  1  2  3  4  5  6  7  8  9 10 11 12 13 |
---------------+----------------------------------------+-----
Fighting       | 5 6 7 8 9 10 11 12 14 16 19 21 | 21.2
Shields        | 5 6 7 8 9 10 12 13 15 16 | 16.8
Maces & Flails | 4 5 6 8 10 11 13 15 18 20 22 23 | 23.6
Armour         | 5 7 8 10 11 13 14 16 18 20 21 | 21.0
Dodging        | 1 2 3 4 5 6 7 |  7.6
Evocations     | 1 2 3 4 5 |  5.1
Stealth        | 1 2 3 4 5 |  5.1

Action                   |  1- 3 |  4- 6 |  7- 9 | 10-12 | 13-15 || total
-------------------------+-------+-------+-------+-------+-------++-------
Melee: Flail             |    25 |     3 |       |       |       ||    28
       Headbutt          |     2 |     5 |     5 |    87 |    22 ||   121
       Morningstar       |       |    21 |    43 |   240 |       ||   304
       Demon whip        |       |       |       |   141 |    46 ||   187
       Eveningstar       |       |       |       |     7 |    30 ||    37
Invok: Potion Petition   |       |       |       |     3 |     2 ||     5
       Call Merchant     |       |       |       |       |     3 ||     3
Evoke: Wand              |       |     2 |     2 |     5 |       ||     9
  Use: Potion            |     1 |       |     5 |    11 |     2 ||    19
       Scroll            |       |       |       |    14 |     1 ||    15
 Stab: Invisible         |       |       |     1 |       |       ||     1
       Distracted        |       |       |       |     2 |       ||     2
Armor: Scale mail        |     9 |       |       |    20 |    21 ||    50
       Chain mail        |       |     8 |    21 |    55 |       ||    84
Dodge: Dodged            |     8 |     9 |    24 |    81 |    33 ||   155
Block: Buckler           |     5 |     7 |     9 |    56 |    14 ||    91

Table legend: (Time is in decaauts)
 A = Elapsed time spent in this place.
 B = Non-inter-level travel time spent in this place.
 C = Inter-level travel time spent in this place.
 D = Time resting spent in this place.
 E = Time spent auto-exploring this place.
 F = Levels seen in this place.
 G = Mean time per level.
                   A        B        C        D        E       F      G
               +--------+--------+--------+--------+--------+-----+--------+
         Total |   5878 |   5878 |      0 |   3169 |    966 |   1 | 5878.0 |
       Dungeon |   5878 |   5878 |      0 |   3169 |    966 |   1 | 5878.0 |
               +--------+--------+--------+--------+--------+-----+--------+

Top non-repeatable levels by time:
       D: 5878 daAuts
